 Dungeon Crawl Stone Soup version 0.29.1-4-g47bece8355 (webtiles) character file.

Game seed: 7057106154285066837

49 mester the Caller (level 3, -4/19 HPs)
             Began as a Tengu Summoner on Dec 1, 2022.
             Was an Initiate of Ashenzari.
             Slain by Crazy Yiuf
             ... wielding a +4 quarterstaff of chaos
              (6 damage)
             ... on level 3 of the Dungeon.
             The game lasted 00:18:16 (2761 turns).

mester the Caller (Tengu Summoner)                  Turns: 2761, Time: 00:18:16

Health: -4/19      AC:  4    Str:  6    XL:     3   Next: 77%
Magic:  4/7        EV: 13    Int: 25    God:    Ashenzari [......]
Gold:   101        SH:  0    Dex: 17    Spells: 4/7 levels left

rFire   . . .      SeeInvis .   p - +10 dagger of the Blessed Realm {drain, Fragile Str-2 Int+8 Dex+3}
rCold   . . .      Faith    .   (no shield)
rNeg    . . .      Spirit   .   l - +2 robe {Will+}
rPois   .          Reflect  .   (helmet restricted)
rElec   .          Harm     .   (no cloak)
rCorr   .          Rampage  .   (no gloves)
Will    +....                   (boots unavailable)
Stlth   ++........              (no amulet)
HPRegen 0.06/turn               (no ring)
MPRegen 0.10/turn               (no ring)

@: no status effects
A: beak, talons 3
a: Renounce Religion


You were on level 3 of the Dungeon.
You worshipped Ashenzari.
Ashenzari was noncommittal.
You visited 1 branch of the dungeon, and saw 3 of its levels.

You collected 101 gold pieces.

Inventory:

Hand Weapons
 d - a +0 dagger
 k - a +0 short sword
 o - a +1 trident of flaming
 p - the +10 dagger of the Blessed Realm (weapon) {drain, Fragile Str-2 Int+8 Dex+3}
   (You found it on level 3 of the Dungeon)

   A truly terrible weapon, it drains the life of any living foe it strikes.
   Str:       It affects your strength (-2).
   Int:       It affects your intelligence (+8).
   Dex:       It affects your dexterity (+3).
   Fragile:   It will be destroyed if unequipped.
 q - a +0 short sword
Armour
 a - a +0 robe
 l - a +2 robe of willpower (worn)
Magical Staves
 n - a staff of fire
Scrolls
 e - 2 scrolls of enchant weapon {unknown}
 f - 2 scrolls of teleportation {unknown}
 g - 2 scrolls of noise {unknown}
 m - 3 scrolls of identify {unknown}
 r - 3 scrolls of blinking {unknown}
Potions
 b - 2 potions of magic
 c - 2 potions of curing {unknown}
 h - 3 potions of degeneration {unknown}
 i - a potion of mutation {unknown}
 j - a potion of brilliance {unknown}


   Skills:
 + Level 0.1 Fighting
 + Level 2.6 Dodging
 + Level 2.1 Stealth
 + Level 2.5 Spellcasting
 + Level 5.6 Summonings


You had 4 spell levels left.
You knew the following spells:

 Your Spells              Type           Power      Damage    Failure   Level
a - Summon Small Mammal   Summ           100%       N/A       1%          1
b - Call Imp              Summ           31%        N/A       1%          2

Your spell library contained the following spells:

 Spells                   Type           Power      Damage    Failure   Level
 Call Canine Familiar     Summ           31%        N/A       3%          3
 Summon Guardian Golem    Hex/Summ       17%        N/A       10%         3
 Summon Lightning Spire   Summ/Air       17%        N/A       32%         4


Dungeon Overview and Level Annotations

Branches:
Dungeon (3/15)

Altars:
Ashenzari
Cheibriados
Elyvilon
Yredelemnul

Annotations:
D:3 Crazy Yiuf


Innate Abilities, Weirdness & Mutations

You have a beak for a mouth.
You have claws for feet.


Message History

Crazy Yiuf hits your crimson imp with a +4 quarterstaff of chaos.
Crazy Yiuf freezes your crimson imp.
Your crimson imp hits Crazy Yiuf but does no damage.
Crazy Yiuf yells, "Island down turtle!"
Crazy Yiuf hits your crimson imp with a +4 quarterstaff of chaos!
Your crimson imp hits Crazy Yiuf.
Crazy Yiuf cries, "Shadow snail Xom!"
Crazy Yiuf hits your crimson imp with a +4 quarterstaff of chaos!
Your crimson imp dies!
Your crimson imp disappears in a puff of smoke!
Casting: Summon Small Mammal (safe; 1% risk of failure)
Confirm with . or Enter, or press ? or * to list all spells.
A beastly little devil appears in a puff of flame.
Crazy Yiuf shouts!
Your crimson imp barely misses Crazy Yiuf.
Your crimson imp barely misses Crazy Yiuf.
Your crimson imp misses Crazy Yiuf.
What are your orders? t - Shout!
Orders for allies: a - Attack new target. r - Retreat! s - Stop attacking. g - Guard the area. f - Follow me.
Anything else - Cancel.
Gang up on whom?
Press: ? - help, Dir - move target, f - Crazy Yiuf
Aim: Crazy Yiuf, wielding a +4 quarterstaff of chaos and wearing a +0 cloak (lightly wounded, ally target) Attack!
Your crimson imp blinks!
Crazy Yiuf attacks as you move away!
Crazy Yiuf hits you with a +4 quarterstaff of chaos!
Ouch! That really hurt!
Your crimson imp barely misses Crazy Yiuf.
Crazy Yiuf attacks as you move away!
Crazy Yiuf hits you with a +4 quarterstaff of chaos.
* * * LOW HITPOINT WARNING * * *
Crazy Yiuf draws strength from your wounds!
Crazy Yiuf says, "Leather sow Xom!"
Crazy Yiuf attacks as you move away!
Crazy Yiuf hits you with a +4 quarterstaff of chaos.
You die...

#)..#♣♣ ♣♣..#.##
#...g§♣♣♣♣......#
#...#♣5.♣.......#
### ♣♣♣.♣...##.#
♣♣♣♣♣##..# # #.##
#### #5# ##.### #g#
##...# ##@# .###.##
##..# .'...># #..##
.####.# #.##
.####.# ##.##
....#.### #..<#
#.#.#..##. ##..#
#.#.#..##.[###..###
#.#....# #........#


You could see Crazy Yiuf (ally target) and a friendly crimson imp (summoned).

Vanquished Creatures
  An orc (D:3)
  An endoplasm (D:3)
  A giant cockroach (D:3)
  A goblin (D:3)
  A quokka (D:3)
  A frilled lizard (D:3)
  A kobold (D:3)
7 creatures vanquished.

Vanquished Creatures (collateral kills)
  2 worms (D:2)
  A dart slug (D:2)
  5 ball pythons
  6 endoplasms
  A giant cockroach (D:1)
  2 goblins
  3 hobgoblins
  2 kobolds
  A quokka (D:3)
  4 bats
  2 rats
29 creatures vanquished.

Grand Total: 36 creatures vanquished

Notes
Turn   | Place    | Note
-------+----------+-------------------------------------------
     0 | D:1      | mester the Tengu Summoner began the quest for the Orb.
     0 | D:1      | Reached XP level 1. HP: 10/10 MP: 4/4
   227 | D:1      | Reached skill level 5 in Summonings
   248 | D:1      | Reached XP level 2. HP: 9/15 MP: 4/6
   268 | D:1      | Learned a level 2 spell: Call Imp
  1381 | D:2      | Reached XP level 3. HP: 19/19 MP: 5/7
  1396 | D:2      | Found a faded altar of an unknown god.
  1986 | D:3      | Found a broken altar of Ashenzari.
  2106 | D:3      | Found a snail-covered altar of Cheibriados.
  2167 | D:3      | Found a basalt altar of Yredelemnul.
  2294 | D:3      | Identified the +10 dagger of the Blessed Realm {drain,
                  | Fragile Str-2 Int+8 Dex+3}
  2372 | D:3      | Became a worshipper of Ashenzari the Shackled
  2440 | D:3      | Found a white marble altar of Elyvilon.
  2731 | D:3      | Found a runed translucent door.
  2732 | D:3      | Noticed Crazy Yiuf
  2761 | D:3      | Slain by Crazy Yiuf

Illustrated notes

Levels and vault maps discovered:
D:1:      beargit_arrival_diablo_church, layout_rooms
D:2:      kennysheep_big_flooded_room, layout_basic,
          chequers_ecumenical_altar_simple
D:3:      layout_basic, mainiacjoe_overflow_catch_the_wave,
          mainiacjoe_overflow_six_doors_small, ashenzari_conservatory_becter,
          serial_aquarium, aquarium_bridge_square [aquarium_subvault_bridge,
          aquarium_subvault_bridge, aquarium_subvault_bridge,
          aquarium_subvault_window], aquarium_bridge_square
          [aquarium_subvault_bridge, aquarium_subvault_balcony,
          aquarium_subvault_bridge, aquarium_subvault_window],
          aquarium_window_fake, aquarium_window_2, aquarium_window_fake,
          aquarium_view_2d, aquarium_view_2d, aquarium_balcony_5a,
          aquarium_pool_five, uniq_crazy_yiuf_cottage

Skill      XL: |  1 |
---------------+----+-----
Summonings     | 5 |  5.6
Fighting       | |  0.1
Dodging        | |  2.6
Stealth        | |  2.1
Spellcasting   | |  2.5

Action                   || total
-------------------------++-------
Melee: Unarmed           ||     1
       Dagger            ||     8
       Staff             ||     3
       Kick              ||     2
       Peck              ||     2
 Cast: Summon Small Mamm ||    20
       Call Imp          ||    18
Armor: Robe              ||    17
Dodge: Dodged            ||    52
